 Dungeon Crawl Stone Soup version 0.31-a0-233-g139696dc86 (webtiles) character file.

Game seed: 13107723105357043507

179 qw the Shooter (level 5, -7/42 HPs)
             Began as a Minotaur Hexslinger on July 7, 2023.
             Was an Initiate of Okawaru.
             Mangled by Duvessa
             ... wielding a +0 rapier
              (8 damage)
             ... on level 5 of the Dungeon.
             The game lasted 00:01:11 (2829 turns).

qw the Shooter (Minotaur Hexslinger)                Turns: 2829, Time: 00:01:11

Health: -7/42      AC:  3    Str: 12    XL:     5   Next: 32%
Magic:  5/5        EV: 12    Int: 10    God:    Okawaru [......]
Gold:   251        SH:  0    Dex: 15    Spells: 5/6 levels left

rFire   + . .        Y - +1 sling
rCold   . . .        (no shield)
rNeg    . . .        j - +0 leather armour
rPois   .            (helmet restricted)
rElec   .            (no cloak)
rCorr   +            (no gloves)
SInv    .            (no boots)
Will    .....        (no amulet)
Stlth   +            c - ring of resist corrosion
HPRegen 0.27/turn    g - ring of protection from fire
MPRegen 0.09/turn

%: no passive effects
@: about to teleport
A: horns 2, retaliatory headbutt
a: Renounce Religion


You were on level 5 of the Dungeon.
You worshipped Okawaru.
Okawaru was noncommittal.
You visited 2 branches of the dungeon, and saw 6 of its levels.

You collected 251 gold pieces.


Innate Abilities, Weirdness & Mutations

You have a pair of horns on your head.
You reflexively headbutt those who attack you in melee.


   Skills:
 + Level 2.3 Fighting
 - Level 5.8 Ranged Weapons
 - Level 2.1 Dodging
 - Level 1.0 Spellcasting
 - Level 2.0 Hexes


You had 5 spell levels left.
You knew the following spells:

 Your Spells              Type           Power      Damage    Failure   Level
a - Slow                  Hex            16%        N/A       19%         1

Your spell library contained the following spells:

 Spells                   Type           Power      Damage    Failure   Level
 Inner Flame              Hex/Fire       2%         N/A       65%         3
 Portal Projectile        Hex/Tloc       4%         N/A       65%         3
 Cause Fear               Hex            2%         N/A       88%         4

Inventory:

Hand Weapons
 Y - a +1 sling (weapon)
Armour
 j - a +0 leather armour (worn)
Jewellery
 c - a ring of resist corrosion (left hand)
 g - a ring of protection from fire (right hand)
Scrolls
 a - 5 scrolls of identify
Potions
 d - 2 potions of heal wounds
 e - 2 potions of enlightenment
 f - a potion of curing
 h - a potion of mutation

Dungeon Overview and Level Annotations

Branches:
Dungeon (5/15)             Temple (1/1) D:4

Altars:
Ashenzari
Cheibriados
Dithmenos
Gozag
Kikubaaqudgha
Makhleb
Nemelex Xobeh
Okawaru
Qazlal
Sif Muna
Trog
Uskayaw
Vehumet
Wu Jian
Xom
Yredelemnul
Zin
The Shining One

Annotations:
D:5 Duvessa


Message History

Duvessa is moderately wounded.
Duvessa says, "When magic and the sword combine, nothing stands against them."
You shoot a sling bullet. The sling bullet hits Duvessa.
Duvessa is moderately wounded.
Duvessa misses you.
You shoot a sling bullet.
The sling bullet hits Duvessa but does no damage.
Duvessa is moderately wounded.
Duvessa hits you but does no damage. Duvessa hits you with a +0 rapier!
You shoot a sling bullet.
The sling bullet hits Duvessa but does no damage.
Duvessa is moderately wounded.
Duvessa hits you with a +0 rapier.
You shoot a sling bullet.
The sling bullet hits Duvessa but does no damage.
Duvessa is moderately wounded.
Duvessa hits you with a +0 rapier!
You shoot a sling bullet. The sling bullet barely misses Duvessa.
Duvessa hits you with a +0 rapier.
You shoot a sling bullet.
The sling bullet hits Duvessa but does no damage.
Duvessa is moderately wounded.
Duvessa barely misses you.
You shoot a sling bullet.
The sling bullet hits Duvessa but does no damage.
Duvessa is moderately wounded.
Duvessa barely misses you.
You shoot a sling bullet. The sling bullet barely misses Duvessa.
Duvessa hits you with a +0 rapier.
You shoot a sling bullet.
The sling bullet hits Duvessa but does no damage.
Duvessa is moderately wounded.
Duvessa says, "Where magic fails, the sword succeeds!"
Duvessa hits you with a +0 rapier!
2829 ||| READING scroll of teleportation.
As you read the scroll of teleportation, it crumbles to dust.
You feel strangely unstable.
Duvessa says, "I don't care about looks, I care about technique!"
Duvessa hits you with a +0 rapier!
You die...

#.#.#.#
#.#.#.#
#.#.#.#
#<#.#.#
#.#.#.#
#.#)#.##
#..<...##
#.......#
#....@.##
#.##.e.#
#.##.#.#
#.##.#.#
#.##.#.#
#.##.#.#
#.#.# ..
.#


You could see Duvessa.

Vanquished Creatures
  A phantom (D:4)
  Terence (D:1)
  A worm (D:4)
  3 dart slugs (D:4)
  2 orcs
  7 ball pythons
  8 endoplasms
  A giant cockroach (D:2)
  3 goblins
  6 hobgoblins
  8 kobolds
  5 quokkas
  4 bats
  5 frilled lizards
  4 rats
59 creatures vanquished.

Notes
Turn   | Place    | Note
-------+----------+-------------------------------------------
     0 | D:1      | qw the Minotaur Hexslinger began the quest for the Orb.
     0 | D:1      | Reached XP level 1. HP: 16/16 MP: 1/1
     0 | D:1      | 0 ||| qw: Version: 0.3-a-46-gb1f654a
     0 | D:1      | 0 ||| qw: Game counter: 3295
     0 | D:1      | 0 ||| qw: Melee chars always use a shield: true
     0 | D:1      | 0 ||| qw: God list: Okawaru
     0 | D:1      | 0 ||| qw: Allow faded altars: false
     0 | D:1      | 0 ||| qw: Do Orc after clearing Dungeon:15 true
     0 | D:1      | 0 ||| qw: Do second Lair branch before Depths: true
     0 | D:1      | 0 ||| qw: Lair rune preference: random
     0 | D:1      | 0 ||| qw: Goals: Normal
     0 | D:1      | 0 ||| PLANNING D:1-11
    94 | D:1      | Reached skill level 3 in Ranged Weapons
   114 | D:1      | Reached XP level 2. HP: 23/23 MP: 2/2
   494 | D:1      | 494 ||| UPGRADING to +0 leather armour.
   504 | D:1      | 504 ||| DROPPING +0 robe.
   505 | D:1      | 505 ||| DROPPING ring of flight.
   506 | D:1      | 506 ||| READING scroll labelled QOCVIH RUDYPSOETAD.
   507 | D:1      | 507 ||| READING scroll labelled KIPNUH TYEP.
   508 | D:1      | 508 ||| READING scroll labelled TUOLEA TER REI.
   509 | D:1      | 509 ||| DRINKING 2 clear potions.
   510 | D:1      | 510 ||| DROPPING scroll of poison.
   590 | D:2      | Noticed Terence
   598 | D:2      | 598 ||| FLEEEEING.
   599 | D:2      | 599 ||| FLEEEEING.
   600 | D:2      | 600 ||| FLEEEEING.
   601 | D:2      | 601 ||| FLEEEEING.
   602 | D:2      | 602 ||| FLEEEEING.
   603 | D:2      | 603 ||| FLEEEEING.
   604 | D:2      | 604 ||| FLEEEEING.
   605 | D:2      | 605 ||| FLEEEEING.
   606 | D:2      | 606 ||| FLEEEEING.
   608 | D:2      | 608 ||| FLEEEEING.
   609 | D:2      | 609 ||| FLEEEEING.
   610 | D:2      | 610 ||| STAIRDANCE
   712 | D:1      | 712 ||| DRINKING 2 red potions.
   715 | D:2      | 715 ||| STAIRDANCE
   721 | D:1      | 721 ||| FLEEEEING.
   722 | D:1      | 722 ||| FLEEEEING.
   723 | D:1      | 723 ||| FLEEEEING.
   724 | D:1      | 724 ||| FLEEEEING.
   725 | D:1      | 725 ||| FLEEEEING.
   726 | D:1      | 726 ||| FLEEEEING.
   727 | D:1      | 727 ||| FLEEEEING.
   728 | D:1      | 728 ||| FLEEEEING.
   729 | D:1      | 729 ||| FLEEEEING.
   738 | D:1      | Killed Terence
   739 | D:1      | Reached skill level 4 in Ranged Weapons
   739 | D:1      | Reached XP level 3. HP: 15/29 MP: 3/3
  1170 | D:2      | 1170 ||| UPGRADING to ring of resist corrosion.
  1171 | D:2      | 1171 ||| READING 2 scrolls labelled QYGEJE FOVIAMM.
  1245 | D:3      | Reached XP level 4. HP: 36/36 MP: 4/4
  1342 | D:3      | Found a bloodstained altar of Trog.
  1616 | D:3      | 1616 ||| UPGRADING to ring of protection from fire.
  1617 | D:3      | 1617 ||| READING scroll labelled OTZOSO EBLYJU.
  1618 | D:3      | 1618 ||| READING 6 scrolls of identify.
  1618 | D:3      | 1618 ||| IDENTIFYING fizzy ruby potion
  1856 | D:4      | Noticed a phantom
  1864 | D:4      | Found a staircase to the Ecumenical Temple.
  1865 | D:4      | 1865 ||| PLANNING TEMPLE
  1879 | D:4      | Killed a phantom
  1880 | D:4      | Reached skill level 5 in Ranged Weapons
  1880 | D:4      | Reached XP level 5. HP: 17/41 MP: 5/5
  1880 | D:4      | 1880 ||| FLEEEEING.
  1881 | D:4      | 1881 ||| FLEEEEING.
  1885 | D:4      | 1885 ||| FLEEEEING.
  1886 | D:4      | 1886 ||| FLEEEEING.
  1888 | D:4      | 1888 ||| FLEEEEING.
  1889 | D:4      | 1889 ||| FLEEEEING.
  1892 | D:4      | 1892 ||| FLEEEEING.
  1893 | D:4      | 1893 ||| FLEEEEING.
  1894 | D:4      | 1894 ||| FLEEEEING.
  1895 | D:4      | 1895 ||| FLEEEEING.
  1920 | D:4      | 1920 ||| FLEEEEING.
  1921 | D:4      | 1921 ||| FLEEEEING.
  1922 | D:4      | 1922 ||| FLEEEEING.
  1923 | D:4      | 1923 ||| FLEEEEING.
  1924 | D:4      | 1924 ||| FLEEEEING.
  1925 | D:4      | 1925 ||| FLEEEEING.
  1929 | D:4      | 1929 ||| FLEEEEING.
  1930 | D:4      | 1930 ||| FLEEEEING.
  1931 | D:4      | 1931 ||| FLEEEEING.
  1969 | D:4      | 1969 ||| READING scroll labelled IMUAGE CEUDUJ.
  2048 | D:4      | 2048 ||| READING 6 scrolls of identify.
  2048 | D:4      | 2048 ||| IDENTIFYING murky green potion
  2092 | Temple   | Entered the Ecumenical Temple
  2152 | Temple   | 2152 ||| PLANNING OKAWARU WORSHIP
  2389 | Temple   | Became a worshipper of Warmaster Okawaru
  2390 | Temple   | 2390 ||| PLANNING D:1-11
  2803 | D:5      | Entered Level 5 of the Dungeon
  2813 | D:5      | Noticed Duvessa
  2828 | D:5      | HP: 1/42 [Duvessa/+0 rapier (11)]
  2829 | D:5      | 2829 ||| READING scroll of teleportation.
  2829 | D:5      | Mangled by Duvessa

Levels and vault maps discovered:
D:1:      minmay_arrival_three_doors, layout_rooms
D:2:      layout_rooms, dreamdust_princess_corridor, uniq_terence
D:3:      layout_rooms, bloody_trog, minmay_misc_feat_cross
D:4:      layout_loops_ring, minmay_temple_entry_slanted
D:5:      layout_loops_ring, elyvilon_altar_5, uniq_duvessa
Temple:   minmay_temple_bridge_d

Skill      XL: |  1  2  3  4 |
---------------+-------------+-----
Ranged Weapons | 3 4 5 |  5.8
Fighting       | 2 |  2.3
Dodging        | |  2.1
Spellcasting   | |  1.0
Hexes          | |  2.0

Action                     |  1- 3 |  4- 6 || total
---------------------------+-------+-------++-------
  Melee: Unarmed           |     9 |       ||     9
   Fire: Sling             |   111 |   102 ||   213
    Use: Scroll            |     4 |     5 ||     9
         Potion            |     2 |       ||     2
 Armour: Leather armour    |     9 |     5 ||    14
  Dodge: Dodged            |    27 |    27 ||    54

Table legend:
 A = Non-vault XP
 B = Vault XP
 C = Vault XP percentage of total XP
 D = Non-vault monster count
 E = Vault monster count
 F = Vault count percentage of total count
                 A         B        C        D         E       F
            +---------+---------+-------+---------+---------+-------
      Total |     220 |      36 |  14.1 |      58 |       1 |   1.7
            +---------+---------+-------+---------+---------+-------
        D:1 |      23 |      36 |  61.0 |      15 |       1 |   6.2
        D:2 |      33 |       0 |   0.0 |      20 |       0 |   0.0
        D:3 |      20 |       0 |   0.0 |      12 |       0 |   0.0
        D:4 |     144 |       0 |   0.0 |      11 |       0 |   0.0
            +---------+---------+-------+---------+---------+-------
